 Dungeon Crawl Stone Soup version 0.28.0-53-g5a82cb258f (webtiles) character file.

Game seed: 7815401682338024018

5620 DemonSlayer the Thaumaturge (level 10, -10/70 HPs)
             Began as a Demonspawn Fire Elementalist on July 26, 2022.
             Was a Priest of Cheibriados.
             Mangled by a yak (11 damage)
             ... on level 9 of the Dungeon.
             The game lasted 00:22:48 (9667 turns).

DemonSlayer the Thaumaturge (DsFE)                  Turns: 9667, Time: 00:22:50

Health: -10/70     AC: 15    Str: 18    XL:     10   Next: 45%
Magic:  10/22      EV: 14    Int: 27    God:    Cheibriados [***...]
Gold:   77         SH:  0    Dex: 22    Spells: 12/26 levels left

rFire   . . .      SeeInvis .   a - +1 war axe (vorpal)
rCold   + . .      Faith    .   h - orb {*Rage}
rNeg    . . .      Spirit   .   r - +1 troll leather armour {Pargi}
rPois   .          Reflect  .   (no helmet)
rElec   .          Harm     .   e - +1 cloak
rCorr   .          Rampage  .   y - +1 pair of gloves {Str+3}
Will    .....      Rage     20% (no boots)
Stlth   +++.......              b - amulet of regeneration
HPRegen 1.81/turn               t - ring of protection from cold
MPRegen 0.18/turn               m - ring of wizardry

@: sanguine armoured, on berserk cooldown, very slow
A: demonic guardian 2, foul stench 2, sanguine armour 1
a: Renounce Religion, Bend Time, Temporal Distortion


You were on level 9 of the Dungeon.
You worshipped Cheibriados.
Cheibriados was most pleased with you.
You visited 2 branches of the dungeon, and saw 10 of its levels.

You collected 527 gold pieces.
You spent 450 gold pieces at shops.

Inventory:

Hand Weapons
 a - a +1 vorpal war axe (weapon)
Missiles
 n - 14 sling bullets
Armour
 e - a +1 cloak (worn)
 h - an orb of wrath (worn)
 r - a +1 troll leather armour (worn) {Pargi}
 y - a +1 pair of gloves of strength (worn)
Jewellery
 b - an amulet of regeneration (around neck)
 m - a ring of wizardry (right hand)
 t - a ring of protection from cold (left hand)
 v - a ring of protection from cold
Wands
 f - a wand of flame (21)
 g - a wand of digging (4)
Scrolls
 i - a scroll of enchant armour
 k - a scroll of teleportation
 x - a scroll of fear
Potions
 c - a potion of curing
 d - a potion of invisibility {unknown}
 l - a potion of cancellation {unknown}
 q - a potion of ambrosia {unknown}
 u - a potion of might {unknown}
 w - 2 potions of mutation {unknown}
 z - a potion of brilliance {unknown}


   Skills:
 + Level 3.2 Fighting
 + Level 1.2 Short Blades
 + Level 4.1 Axes
 + Level 3.4 Armour
 + Level 4.0 Dodging
 + Level 3.4 Stealth
 + Level 8.8 Spellcasting
 + Level 2.7 Conjurations
 + Level 8.3 Fire Magic


You had 12 spell levels left.
You knew the following spells:

 Your Spells              Type           Power      Damage    Failure   Level
a - Foxfire               Conj/Fire      100%       2x1d9     1%          1
b - Scorch                Fire           100%       2d10      1%          2
c - Flame Wave            Conj/Fire      41%        2d9       2%          4
d - Conjure Flame         Conj/Fire      41%        6-21      1%          3
e - Olgreb's Toxic Radia  Pois           11%        N/A       22%         4

Your spell library contained the following spells:

 Spells                   Type           Power      Damage    Failure   Level
 Inner Flame              Hex/Fire       34%        N/A       1%          3
 Sting                    Tmut/Pois      44%        1d5       2%          1
 Corpse Rot               Necr/Air       22%        N/A       3%          2
 Poisonous Vapours        Pois/Air       22%        N/A       3%          2


Dungeon Overview and Level Annotations

Branches:
Dungeon (9/15)             Temple (1/1) D:4
   Lair: D:8-11         Orc: D:9-12

Altars:
Ashenzari
Cheibriados
Dithmenos
Fedhas
Gozag
Hepliaklqana
Makhleb
Nemelex Xobeh
Okawaru
Ru
Wu Jian
Zin
The Shining One

Shops:
D:4 [   D:6 [


Innate Abilities, Weirdness & Mutations

A demonic guardian rushes to your aid.
You sometimes emit foul miasma when damaged in melee.
When seriously injured, your blood forms armour. (AC +6)


Message History

The catoblepas is severely wounded.
You barely miss the yak. The yak gores you but does no damage.
The catoblepas barely misses you. The yak closely misses you.
The catoblepas gores you but does no damage.
Your hellwing hits the catoblepas! Your hellwing hits the catoblepas.
You hit the catoblepas but do no damage.
The catoblepas is severely wounded.
You hit the yak.
A howler monkey comes into view.
The yak gores you.
The catoblepas breathes a plume of calcifying dust at you.
The blast of calcifying dust hits you.
Your hellwing hits the catoblepas!
Your hellwing hits the catoblepas but does no damage.
The yak closely misses you.
The catoblepas breathes a plume of calcifying dust at your hellwing.
The blast of calcifying dust hits your hellwing but does no damage.
Your hellwing is engulfed in calcifying dust.
Your hellwing is moving more slowly.
Your hellwing barely misses the catoblepas.
Your hellwing hits the catoblepas but does no damage.
You completely miss the catoblepas.
The catoblepas is almost dead.
The howler monkey howls!
You slash the yak!
A troll opens the door.
The yak gores you but does no damage. The catoblepas gores you!
* * * LOW HITPOINT WARNING * * *
Your hellwing is engulfed in calcifying dust.
Your hellwing stops moving altogether!
The yak gores you.
* * * LOW HITPOINT WARNING * * *
The catoblepas breathes a plume of calcifying dust at you.
The blast of calcifying dust hits you but does no damage.
You feel yourself speed up.
Your hellwing is engulfed in calcifying dust.
The catoblepas gores you!!
* * * LOW HITPOINT WARNING * * *
Your hellwing is engulfed in calcifying dust.
The yak is engulfed in calcifying dust.
The yak is moving more slowly.
The yak gores you!
You die...

###########
......... #
....#§.## .#.
#..#§.. ....#§§.§#
......§@4#
.§§§§..YY#
.#....T#s#
#.....§h'.
.........#... .
.........#...# ..
######.#.# ..# ...
#.#.# ..#
....####+#...######


You could see a catoblepas (combustible, ally target), a yak (petrifying), a
troll, a redback, a howler monkey and a friendly hellwing (summoned, petrified).

Vanquished Creatures
  A cyclops (D:9)
  A kobold demonologist (D:9)
  Prince Ribbit (D:8)
  Sigmund (D:2)
  A wyvern (D:8)
  5 yaks (D:7)
  A steam dragon (D:8)
  2 water moccasins
  Pargi (D:3)
  2 sky beasts
  An ice beast (D:5)
  A hornet zombie (D:6)
  3 ogres
  2 phantoms (D:5)
  3 centaurs
  A kobold brigand (D:8)
  A scorpion (D:6)
  A water moccasin skeleton (D:4)
  10 wights
  3 howler monkeys
  A bullfrog zombie (D:5)
  A gnoll shaman (D:7)
  4 hounds
  A jelly (D:7)
  3 orc priests
  5 iguanas
  5 orc wizards
  2 killer bee zombies (D:8)
  A howler monkey zombie (D:9)
  4 gnolls (D:7)
  7 adders
  A shadow imp (D:7)
  2 white imps
  An ufetubus (D:4)
  An adder skeleton (D:4)
  A worm (D:3)
  3 dart slugs
  19 orcs
  11 endoplasms
  3 giant cockroaches (D:1)
  4 hobgoblins
  9 kobolds
  2 quokkas
  6 ball pythons
  7 bats
  6 frilled lizards (D:1)
  3 goblins
  3 rats
158 creatures vanquished.

Vanquished Creatures (collateral kills)
  A centaur warrior (D:9)
  An efreet (D:9)
  An orc (D:3)
  A goblin (D:3)
  A bat (D:2)
5 creatures vanquished.

Vanquished Creatures (others)
  189 foxfires
189 creatures vanquished.

Grand Total: 352 creatures vanquished

Notes
Turn   | Place    | Note
-------+----------+-------------------------------------------
     0 | D:1      | DemonSlayer the Demonspawn Fire Elementalist began the
                  | quest for the Orb.
     0 | D:1      | Reached XP level 1. HP: 13/13 MP: 3/3
    27 | D:1      | Found a faded altar of an unknown god.
   388 | D:1      | Gained mutation: A weak demonic guardian rushes to your
                  | aid. [demonic ancestry]
   388 | D:1      | Reached XP level 2. HP: 19/19 MP: 1/5
   391 | D:1      | Learned a level 2 spell: Scorch
  1435 | D:2      | Reached XP level 3. HP: 18/24 MP: 4/6
  2622 | D:2      | Noticed Sigmund
  2625 | D:2      | Killed Sigmund
  2626 | D:2      | Reached skill level 1 in Short Blades
  2626 | D:2      | Gained mutation: You may rarely emit foul miasma when
                  | damaged in melee. [demonic ancestry]
  2626 | D:2      | Reached XP level 4. HP: 30/30 MP: 0/9
  2626 | D:2      | Reached XP level 5. HP: 35/35 MP: 0/10
  2631 | D:2      | Learned a level 4 spell: Flame Wave
  2941 | D:3      | Noticed Pargi
  2951 | D:3      | Killed Pargi
  2952 | D:3      | Gained mutation: You sometimes emit foul miasma when
                  | damaged in melee. [demonic ancestry]
  2952 | D:3      | Reached XP level 6. HP: 41/41 MP: 2/11
  2977 | D:3      | Learned a level 3 spell: Conjure Flame
  4013 | D:4      | Found a staircase to the Ecumenical Temple.
  4051 | D:4      | Found a blossoming altar of Fedhas.
  4094 | Temple   | Entered the Ecumenical Temple
  4176 | Temple   | Became a worshipper of Cheibriados the Contemplative
  4277 | D:4      | Found Dun Waischy's Antique Armour Shoppe.
  4567 | D:4      | Reached skill level 1 in Armour
  4567 | D:4      | Reached XP level 7. HP: 47/47 MP: 8/13
  4789 | D:4      | Found a burning altar of Makhleb.
  5125 | D:4      | Found an ornate altar of the Wu Jian Council.
  5234 | D:4      | Bought an embroidered cloak for 225 gold pieces
  5255 | D:5      | Entered Level 5 of the Dungeon
  5455 | D:5      | Reached skill level 1 in Fighting
  5455 | D:5      | Reached skill level 1 in Axes
  5455 | D:5      | Reached skill level 5 in Fire Magic
  5480 | D:5      | Reached skill level 5 in Spellcasting
  5640 | D:5      | Reached XP level 8. HP: 54/54 MP: 10/15
  5706 | D:5      | Reached * piety under Cheibriados
  6155 | D:5      | Learned a level 4 spell: Olgreb's Toxic Radiance
  6162 | D:6      | Found Jeffufur's Antique Armour Emporium.
  6680 | D:6      | Found a sacrificial altar of Ru.
  7531 | D:7      | Gained mutation: When seriously injured, your blood forms
                  | armour. (AC +6) [demonic ancestry]
  7531 | D:7      | Reached XP level 9. HP: 61/61 MP: 19/19
  7736 | D:7      | Reached ** piety under Cheibriados
  7838 | D:7      | Found a shadowy altar of Dithmenos.
  7844 | D:7      | Found a hazy altar of Hepliaklqana.
  8196 | D:8      | Noticed Prince Ribbit
  8284 | D:8      | Killed Prince Ribbit
  8632 | D:8      | Found a broken altar of Ashenzari.
  8733 | D:8      | Found a sparkling altar of Nemelex Xobeh.
  9124 | D:4      | Bought a pair of glowing gloves for 225 gold pieces
  9238 | D:9      | Reached *** piety under Cheibriados
  9250 | D:9      | Gained mutation: A demonic guardian rushes to your aid.
                  | [demonic ancestry]
  9250 | D:9      | Reached XP level 10. HP: 66/70 MP: 2/22
  9556 | D:9      | Noticed a centaur warrior
  9556 | D:9      | Found the +7 staff of the Meek {protect, meekguard}
  9557 | D:9      | Noticed a centaur warrior
  9557 | D:9      | Noticed a cyclops
  9570 | D:9      | Killed a centaur warrior
  9606 | D:9      | Killed a cyclops
  9619 | D:9      | Noticed a catoblepas
  9667 | D:9      | HP: 1/70 [catoblepas (18)]
  9667 | D:9      | Mangled by a yak

Illustrated notes

Levels and vault maps discovered:
D:1:      dpeg_arrival_erosion, layout_basic, ebering_ecumenical_altar_webs,
          kennysheep_doodads
D:2:      layout_loops_corners, kennysheep_generic_room_6, uniq_sigmund
D:3:      layout_loops_corners, uniq_pargi
D:4:      layout_basic, lightli_temple_of_fire, mainiacjoe_overflow_24_doors,
          pf_just_have_faith, minmay_temple_entry_sparse_star, serial_shops,
          shop, kennysheep_generic_room_4
D:5:      layout_cave_pools
D:6:      layout_loops_ring, nicolae_ru_path_of_blood, serial_shops,
          nicolae_square_shop
D:7:      layout_rooms, riverfiend_overflow_shadow_ancestor, enter_bailey_2
D:8:      layout_basic, mainiacjoe_overflow_surrounded_room,
          general_overflow_altar, uniq_prince_ribbit1
D:9:      minmay_the_grid_square_5x5_4x4
          [minmay_the_grid_square_5x5_fancy_junction,
          minmay_the_grid_square_5x5_slash, minmay_the_grid_square_5x5_minibox,
          minmay_the_grid_square_5x5_sharp_hourglass,
          minmay_the_grid_square_5x5_fat_x,
          minmay_the_grid_square_5x5_prize_junk,
          minmay_the_grid_square_5x5_prize_snowflake,
          minmay_the_grid_square_5x5_meh, minmay_the_grid_square_5x5_inner_z,
          minmay_the_grid_square_5x5_prize_waves,
          minmay_the_grid_square_5x5_prize_open,
          minmay_the_grid_square_5x5_broken_cross,
          minmay_the_grid_square_5x5_gyroscope,
          minmay_the_grid_square_5x5_three_walls,
          minmay_the_grid_square_5x5_three_small,
          minmay_the_grid_square_5x5_two_walls_a], layout_stronghold, tgw_xom,
          mrwooster_statue_mirror
Temple:   nicolae_temple_figure_eight

Skill      XL: |  1  2  3  4  5  6  7  8  9 10 |
---------------+-------------------------------+-----
Stealth        | 2 3 |  3.4
Dodging        | 2 3 4 |  4.0
Fire Magic     | 3 4 5 6 7 8 |  8.3
Short Blades   | 1 |  1.2
Spellcasting   | 3 4 5 7 8 |  8.8
Conjurations   | 2 |  2.7
Armour         | 1 2 3 |  3.4
Fighting       | 1 3 |  3.2
Axes           | 1 2 3 4 |  4.1

Action                   |  1- 3 |  4- 6 |  7- 9 | 10-12 || total
-------------------------+-------+-------+-------+-------++-------
Melee: Unarmed           |    10 |       |       |       ||    10
       Short sword       |    16 |    31 |       |       ||    47
       Punch             |     2 |       |       |       ||     2
       War axe           |       |    26 |    92 |    22 ||   140
 Cast: Foxfire           |   117 |     3 |       |       ||   120
       Scorch            |     3 |    28 |   121 |    19 ||   171
       Conjure Flame     |       |       |       |     8 ||     8
  Use: Scroll            |       |     9 |    10 |     2 ||    21
       Potion            |       |       |     1 |     4 ||     5
 Stab: Sleeping          |     1 |     1 |       |       ||     2
Armor: Robe              |    10 |       |       |       ||    10
       Troll leather arm |       |    21 |    81 |    18 ||   120
Dodge: Dodged            |    24 |    54 |   137 |    25 ||   240
